 Dungeon Crawl Stone Soup version 0.23-a0-310-gdcc7a32 (webtiles) character file.

25 namelastname112 the Slasher (level 2, -2/26 HPs)
             Began as a Draconian Chaos Knight on Oct 12, 2018.
             Was a Plaything of Xom.
             Slain by Natasha (11 damage)
             ... on level 2 of the Dungeon.
             The game lasted 00:00:59 (588 turns).

namelastname112 the Slasher (Draconian Chaos Knight) Turns: 588, Time: 00:01:00

Health: -2/26      AC:  4    Str: 14    XL:     2   Next: 86%
Magic:  2/2        EV: 12    Int: 12    God:    Xom [..*...]
Gold:   70         SH:  0    Dex: 10    Spells: 1/1 levels left

rFire    . . .     SeeInvis .   a - +0 falchion (chaos)
rCold    . . .     Gourm    .   (no shield)
rNeg     . . .     Faith    .   (armour unavailable)
rPois    .         Spirit   .   (helmet restricted)
rElec    .         Reflect  .   (no cloak)
rCorr    .         Harm     .   (no gloves)
MR       .....                  (no boots)
Stlth    +.........             (no amulet)
HPRegen  0.08/turn              (no ring)
MPRegen  0.08/turn              (no ring)

@: slowed, very slow
A: unfitting armour, cold-blooded, AC +4
a: Renounce Religion


You were on level 2 of the Dungeon.
You worshipped Xom.
You were a toy of Xom.
You were not hungry.

You visited 1 branch of the dungeon, and saw 2 of its levels.

You collected 70 gold pieces.

Inventory:

Hand Weapons
 a - a +0 falchion of chaos (weapon)
Scrolls
 d - a scroll of teleportation {unknown}
 f - a scroll of remove curse {unknown}
 h - a scroll of identify {unknown}
 i - a scroll of noise {unknown}
Potions
 c - a potion of might
 e - a potion of agility {unknown}
 g - a potion of curing {unknown}
Comestibles
 b - 4 rations


   Skills:
 + Level 3.6 Fighting
 * Level 3.6 Long Blades
 + Level 2.4 Dodging


You had one spell level left.
You didn't know any spells.
Your spell library was empty.

Dungeon Overview and Level Annotations

Branches:
Dungeon (2/15)

Altars:

Annotations:
D:2 Natasha


Innate Abilities, Weirdness & Mutations

Your plain brown scales are hard. (AC +4)
You cannot fit into any form of body armour.
You are cold-blooded and may be slowed by cold attacks.


Message History

Natasha casts a spell.
The crimson imp blinks!
You hit Natasha.
Natasha is almost dead.
Natasha claws you.
Natasha mumbles some strange words.
Natasha shimmers violently.
Natasha mumbles some strange words.
Natasha claws you.
You take 5 damage, and have 11/26 hp.
You hit Natasha but do no damage.
Natasha flickers and vanishes!
Deactivating autopickup; reactivate with Ctrl-A.
Something barely misses you.
You hear some strange, mumbled words.
You feel as though you will be slow longer.
The crimson imp hits you.
You take 2 damage, and have 9/26 hp.
You closely miss something. You tail-slap something. Something claws you!
You die...
Xom is highly amused!

.. ##### #..
# ##...##.%.
.###.........
............
#......?..(
#<........$
##.@{......
##.55.#...
###..# ...#
.... .....
.... .##.


You could see a crimson imp and a white imp.

Vanquished Creatures
  A dart slug (D:1)
  A giant cockroach (D:1)
  3 goblins (D:1)
  A hobgoblin (D:1)
  2 jackals (D:1)
  7 kobolds (D:1)
  2 bats (D:1)
  2 frilled lizards (D:1)
  5 rats (D:1)
  A rat (shapeshifter) (D:1)
25 creatures vanquished.

Notes
Turn   | Place    | Note
-------+----------+-------------------------------------------
     0 | D:1      | namelastname112 the Draconian Chaos Knight began the quest
                  | for the Orb.
     0 | D:1      | Reached XP level 1. HP: 19/19 MP: 1/1
    81 | D:1      | Reached XP level 2. HP: 26/26 MP: 2/2
   541 | D:1      | XOM: silly message
   577 | D:2      | Noticed Natasha
   584 | D:2      | Noticed a crimson imp
   586 | D:2      | Noticed a crimson imp
   588 | D:2      | Slain by Natasha

Vault maps used:
D:1:      dpeg_arrival_radiant
D:2:      uniq_natasha

Action                   || total
-------------------------++-------
Melee: Falchion          ||    61
       Tailslap          ||     8
Armor: Skin              ||    11
Dodge: Dodged            ||    40
       Rpst.: Falchion   ||    12

Table legend:
 A = Non-vault XP
 B = Vault XP
 C = Vault XP percentage of total XP
 D = Non-vault monster count
 E = Vault monster count
 F = Vault count percentage of total count
                 A         B        C        D         E       F
            +---------+---------+-------+---------+---------+-------
      Total |      37 |       0 |   0.0 |      25 |       0 |   0.0
            +---------+---------+-------+---------+---------+-------
        D:1 |      37 |       0 |   0.0 |      25 |       0 |   0.0
            +---------+---------+-------+---------+---------+-------
